 Dungeon Crawl Stone Soup version 0.30-a0-279-g4b46babb21 (webtiles) character file.

Game seed: 8792967370652911125

116 themarg the Trooper (level 4, 0/44 HPs)
             Began as a Minotaur Monk on Oct 17, 2022.
             Was a Believer of Okawaru.
             Killed by divine providence
             ... invoked by an orc priest
              (14 damage)
             ... on level 4 of the Dungeon.
             The game lasted 00:07:39 (2087 turns).

themarg the Trooper (Minotaur Monk)                 Turns: 2087, Time: 00:07:40

Health: 0/44       AC:  9    Str: 17    XL:     4   Next: 70%
Magic:  3/3        EV: 10    Int:  7    God:    Okawaru [**....]
Gold:   127        SH:  0    Dex: 13    Spells: 3/3 levels left

rFire   . . .      SeeInvis .    a - +0 mace
rCold   . . .      Faith    .    (no shield)
rNeg    . . .      Spirit   .    u - +0 scale mail
rPois   .          Reflect  .    (helmet restricted)
rElec   .          Harm     .    r - +2 cloak
rCorr   .          Rampage  .    (no gloves)
Will    .....                    (no boots)
Stlth   ..........               f - amulet of regeneration
HPRegen 1.07/turn                (no ring)
MPRegen 0.08/turn                (no ring)

@: confused
A: horns 2, retaliatory headbutt
a: Renounce Religion, Heroism


You were on level 4 of the Dungeon.
You worshipped Okawaru.
Okawaru was pleased with you.
You visited 2 branches of the dungeon, and saw 5 of its levels.

You collected 127 gold pieces.

Inventory:

Hand Weapons
 a - a +0 mace (weapon)
 q - the +0 dagger of Insufficient Pleasure {vorpal, +Blink rF+ Str+6 Int-2 SInv}
   (You found it on level 3 of the Dungeon)

   It inflicts extra damage upon your enemies.
   Str:       It affects your strength (+6).
   Int:       It affects your intelligence (-2).
   rF:        It protects you from fire.
   SInv:      It lets you see invisible.
   +Blink:    It lets you blink.
Missiles
 d - 39 stones (quivered)
 i - 6 boomerangs
 j - a throwing net
 m - 3 poisoned darts
 s - 4 javelins
Armour
 l - a scarf of resistance
 r - a +2 cloak (worn)
 u - a +0 scale mail (worn)
Jewellery
 f - an amulet of regeneration (around neck)
Scrolls
 b - a scroll of amnesia {unknown}
 e - a scroll of brand weapon {unknown}
 h - 4 scrolls of teleportation {unknown}
 o - a scroll of identify {unknown}
 p - a scroll of poison {unknown}
 t - a scroll of summoning {unknown}
Potions
 c - 2 potions of ambrosia
 g - 2 potions of might {unknown}
 k - a potion of haste {unknown}
 n - a potion of brilliance {unknown}


   Skills:
 * Level 5.9 Fighting
 - Level 3.6 Maces & Flails
 - Level 3.2 Dodging
 - Level 2.5 Stealth
 + Level 0.8 Invocations


You had 3 spell levels left.
You didn't know any spells.
Your spell library contained the following spells:

 Spells                   Type           Power      Damage    Failure   Level
 Ignite Poison            Fire/Tmut/Pois 0%         N/A       99%         3
 Sticky Flame             Conj/Fire      0%         2d3       100%        4
 Ignition                 Fire           0%         3d3       100%        8


Dungeon Overview and Level Annotations

Branches:
Dungeon (4/15)             Temple (1/1) D:4

Altars:
Ashenzari
Cheibriados
Dithmenos
Elyvilon
Fedhas
Gozag
Hepliaklqana
Kikubaaqudgha
Makhleb
Nemelex Xobeh
Okawaru
Qazlal
Ru
Sif Muna
Trog
Uskayaw
Vehumet
Xom
Yredelemnul
Zin
The Shining One

Annotations:
D:3 Grinder


Innate Abilities, Weirdness & Mutations

You have a pair of horns on your head.
You reflexively headbutt those who attack you in melee.


Message History

You barely miss the orc priest.
The orc priest is lightly wounded.
The orc wizard hits you with a +0 dagger.
The orc priest hits you but does no damage.
You barely miss the orc priest.
The orc priest is lightly wounded.
The orc wizard hits you but does no damage.
The orc priest hits you but does no damage.
You thump the orc priest!
The orc priest is severely wounded.
The orc wizard barely misses you.
The orc priest calls down the wrath of Beogh upon you.
Beogh smites you!
You are too injured to fight recklessly!
You are too injured to fight recklessly!
You hit the orc wizard.
The orc wizard is lightly wounded.
The orc wizard points at you and mumbles some strange words.
You are confused.
The orc priest misses you. The orc priest barely misses you.
The orc wizard hits you but does no damage.
You bump into the rock wall.
The orc wizard hits you with a +0 dagger.
The orc priest hits you with a +0 falchion.
You miss the orc wizard.
The orc wizard is lightly wounded.
The orc wizard points at you and mumbles some strange words.
The puff of flame hits you!
The orc priest calls upon Beogh to heal the orc wizard.
The orc wizard's wounds heal themselves!
You closely miss the orc wizard. Your headbutt misses the orc wizard.
The orc wizard hits you but does no damage.
The orc priest barely misses you. The orc wizard casts a spell at you.
The magic dart hits you!
* * * LOW HITPOINT WARNING * * *
You bump into the rock wall.
The orc priest invokes the aid of Beogh against you.
Beogh smites you!
You die...

..# #.....#.......#.......#
..# #.##.###......#......##
#.# #.##...+......#......+
#.#######.##..###...#####...##
#.........###.# #.#+#...#
####.###### .#####...... #.##
#+#.# .......
####..#######...##.......
..........#.....@oo......
####..##.##.....)##......
#...##.##.......# .....
#.....#..'.......# #'##
##...#####.).....# .. ##.##
#......## . #.# #......+ #.
###...## #+#.#


You could see an orc priest and an orc wizard.

Vanquished Creatures
  Crazy Yiuf (D:3)
  An iguana (D:4)
  An adder (D:2)
  2 worms
  An orc (D:4)
  6 ball pythons
  4 bats
  5 endoplasms
  2 giant cockroaches
  4 hobgoblins
  6 kobolds
  2 quokkas (D:2)
  A frilled lizard (D:2)
  3 goblins
  5 rats
44 creatures vanquished.

Vanquished Creatures (others)
  A fungus (D:3)
1 creature vanquished.

Grand Total: 45 creatures vanquished

Notes
Turn   | Place    | Note
-------+----------+-------------------------------------------
     0 | D:1      | themarg the Minotaur Monk began the quest for the Orb.
     0 | D:1      | Reached XP level 1. HP: 19/19 MP: 0/0
   293 | D:1      | Reached skill level 4 in Fighting
   295 | D:1      | Reached XP level 2. HP: 26/27 MP: 1/1
   892 | D:2      | Reached XP level 3. HP: 34/34 MP: 2/2
  1194 | D:3      | Identified the +0 dagger of Insufficient Pleasure {vorpal,
                  | +Blink rF+ Str+6 Int-2 SInv}
  1289 | D:3      | Found a runed translucent door.
  1290 | D:3      | Noticed Crazy Yiuf
  1298 | D:3      | Killed Crazy Yiuf
  1299 | D:3      | Reached skill level 5 in Fighting
  1299 | D:3      | Reached XP level 4. HP: 13/42 MP: 3/3
  1424 | D:3      | Found a faded altar of an unknown god.
  1609 | D:3      | Noticed Grinder
  1699 | D:4      | Found a staircase to the Ecumenical Temple.
  1707 | Temple   | Entered the Ecumenical Temple
  1875 | Temple   | Became a worshipper of Warmaster Okawaru
  1875 | Temple   | Reached * piety under Okawaru
  1875 | Temple   | Reached ** piety under Okawaru
  2087 | D:4      | Killed from afar by an orc priest

Illustrated notes

Levels and vault maps discovered:
D:1:      lightli_arrival_flooded_house, layout_basic,
          dreamdust_mushroom_princess
D:2:      layout_loops_cross
D:3:      minmay_inner_zag, layout_loops_ring, shapermc_ecumenical_altar_venn,
          chequers_serial_rivers_micro_c, uniq_crazy_yiuf_cottage, uniq_grinder,
          uniq_ijyb
D:4:      nicolae_cairo_tiling_very_big, layout_loops_corners,
          minmay_temple_entry_butterflies, serial_shops,
          nicolae_shop_overgrown_old_shop
Temple:   minmay_crystal_snake_temple

Skill      XL: |  1  2  3 |
---------------+----------+-----
Fighting       | 4 5 |  5.9
Stealth        | 2 |  2.5
Maces & Flails | |  3.6
Dodging        | |  3.2
Invocations    | |  0.8

Action                   |  1- 3 |  4- 6 || total
-------------------------+-------+-------++-------
Melee: Mace              |    74 |    32 ||   106
       Headbutt          |    10 |     5 ||    15
Invok: Heroism           |       |     1 ||     1
 Stab: Sleeping          |       |     1 ||     1
Armor: Leather armour    |     5 |       ||     5
       Robe              |     1 |       ||     1
       Ring mail         |    18 |       ||    18
       Scale mail        |       |     8 ||     8
Dodge: Dodged            |    40 |    17 ||    57

Table legend: (Time is in decaauts)
 A = Elapsed time spent in this place.
 B = Non-inter-level travel time spent in this place.
 C = Inter-level travel time spent in this place.
 D = Time resting spent in this place.
 E = Time spent auto-exploring this place.
 F = Levels seen in this place.
 G = Mean time per level.
                   A        B        C        D        E       F      G
               +--------+--------+--------+--------+--------+-----+--------+
         Total |   2094 |   1958 |    136 |      0 |   1502 |   5 |  418.8 |
       Dungeon |   1879 |   1798 |     81 |      0 |   1361 |   4 |  469.8 |
        Temple |    214 |    159 |     55 |      0 |    141 |   1 |  214.0 |
               +--------+--------+--------+--------+--------+-----+--------+

Top non-repeatable levels by time:
     D:1: 625 daAuts
     D:2: 562 daAuts
     D:3: 512 daAuts
  Temple: 214 daAuts
     D:4: 178 daAuts
